Map: Triton LE

Players

ViBE - Winner!

  • Race: Zerg Zerg
  • League: Grandmaster
  • Spawn Location: 11:00

GenisVell

  • Race: Zerg Zerg
  • Spawn Location: 5:00

VOD

Have the link to the VOD?

Description

Time

  • Played on: Nov. 12, 2019, 5:32 p.m.
  • Length: 6:45
Show
View Real Time Build Order
Export as new Build Order

ViBE Zerg - Winner!

Build Orders: Hatch First 

Get SALT Encoding   

  12  0:00  Drone  
  13  0:12  Overlord  
  13  0:17  Drone  
  14  0:31  Drone x2  
  16  0:50  Hatchery  
  16  0:52  Drone  
  16  0:57  Drone  
  17  1:02  Drone  
  18  1:11  Extractor  
  17  1:17  Spawning Pool  
  16  1:19  Drone  
  16  1:23  Drone  
  18  1:29  Drone  
  19  1:46  Overlord  
  19  2:03  Queen x2  
  19  2:05  Zergling x4  
  19  2:06  Drone  
  26  2:15  Metabolic Boost  
  26  2:18  Drone  
  27  2:26  Drone  
  27  2:29  Drone x2  
  30  2:41  Drone x2  
  32  2:51  Drone x2  
  33  2:56  Overlord  
  34  3:00  Zergling x2  
  35  3:08  Overlord  
  35  3:10  Queen, Hatchery  
  35  3:17  Zergling x10  
  40  3:20  Zergling x2  
  40  3:21  Zergling x2  
  42  3:29  Roach Warren  
  42  3:30  Drone  
  42  3:31  Drone  
  42  3:35  Overlord  
  41  3:50  Zergling x6  
  41  3:53  Zergling x2  
  41  3:54  Zergling x2  
  41  4:00  Zergling x2  
  41  4:01  Zergling x10  
  46  4:06  Zergling x2  
  46  4:07  Zergling x2  
  46  4:26  Roach x2  
  50  4:34  Hatchery  
  50  4:37  Roach  
  50  4:38  Roach x4  
  57  4:57  Roach  
  57  4:59  Overlord x3  
  57  5:07  Roach  
  58  5:15  Roach  
  58  5:17  Overlord x2  
  58  5:18  Roach  
  58  5:19  Roach x2  
  66  5:30  Zergling x6  
  66  5:43  Zergling x4  
  66  5:44  Zergling x6  
  70  5:52  Zergling x8  
  71  6:12  Zergling x4  
  71  6:13  Zergling x14  
  78  6:25  Zergling x8  
  79  6:26  Zergling x6  
Show
View Real Time Build Order
Export as new Build Order

GenisVell Zerg 

Build Orders: Hatch First 

Get SALT Encoding   

  12  0:00  Drone  
  13  0:12  Overlord  
  13  0:17  Drone  
  14  0:30  Drone x2  
  14  0:34  Drone  
  17  0:51  Hatchery  
  17  0:55  Drone  
  17  0:57  Drone  
  17  1:02  Extractor  
  17  1:07  Drone  
  18  1:16  Spawning Pool  
  17  1:19  Drone  
  18  1:27  Drone  
  19  1:38  Drone  
  20  1:49  Drone  
  21  1:59  Overlord  
  21  2:03  Queen  
  21  2:04  Metabolic Boost, Queen  
  21  2:06  Drone  
  26  2:10  Drone  
  26  2:14  Zergling x2  
  28  2:21  Drone  
  29  2:24  Drone  
  30  2:32  Drone  
  32  2:37  Zergling x2  
  32  2:40  Hatchery  
  31  2:45  Baneling Nest  
  31  2:48  Overlord  
  31  2:50  Zergling x2  
  31  2:58  Zergling x2  
  31  2:59  Zergling x2  
  32  3:15  Zergling x16  
  40  3:21  Drone  
  40  3:24  Overlord  
  41  3:31  Drone  
  41  3:34  Baneling x2  
  42  3:36  Drone  
  42  3:43  Evolution Chamber  
  41  3:52  Drone  
  41  3:53  Drone x7  
  47  3:57  Drone  
  47  4:01  Queen  
  50  4:05  Overlord  
  50  4:07  Drone  
  50  4:08  Drone  
  51  4:16  Overlord  
  51  4:17  Zergling x2  
  51  4:18  Zergling x4  
  51  4:21  Zergling x2  
  54  4:25  Zerg Missile Weapons Level 1  
  54  4:27  Zergling x2  
  54  4:29  Zergling x2  
  55  4:32  Zergling x2  
  55  4:33  Spine Crawler  
  55  4:36  Zergling x2  
  56  4:38  Baneling x2  
  56  4:39  Baneling  
  56  4:42  Zergling x4  
  58  4:48  Zergling x10  
  58  4:51  Drone x2  
  62  4:56  Drone  
  62  4:57  Queen  
  63  5:03  Drone x2  
  64  5:08  Drone  
  64  5:09  Overlord  
  64  5:12  Roach Warren  
  64  5:15  Overlord  
  64  5:16  Drone  
  64  5:17  Overlord  
  65  5:25  Drone  
  65  5:26  Drone x2  
  66  5:31  Extractor  
  66  5:32  Extractor  
  63  5:40  Drone x5  
  63  5:41  Drone x5  
  71  5:52  Roach x3  
  71  5:54  Roach x2  
  81  5:57  Roach  
  83  6:04  Overlord  
  83  6:09  Overlord  
  80  6:13  Overlord  
  80  6:14  Roach  
  80  6:17  Roach  
  79  6:18  Zergling x2  
  79  6:22  Roach  
  79  6:24  Zergling x2, Roach  
  81  6:25  Zergling x2  
  81  6:26  Zergling x2  
Tags
 
Matchup
ZvZ
Player
ViBE
Race
Zerg
Spawn Locations
Cross Positions
Add a new tag
Caveats
  • Supply blocks, unpowered buildings, or Contaminate may cause inaccurate times.
  • Supply counts are checked every 10 seconds.